 Dungeon Crawl Stone Soup version 0.22-a0-348-gd16d139 (webtiles) character file.

79 EnegeticOcto the Skirmisher (level 4, -1/42 HPs)
             Began as a Centaur Chaos Knight on Apr 10, 2018.
             Slain by an adder (4 damage)
             ... on level 1 of the Dungeon.
             The game lasted 00:03:07 (1428 turns).

EnegeticOcto the Skirmisher (Centaur Chaos Knight)  Turns: 1428, Time: 00:03:07

Health: -1/42      AC:  6    Str: 15    XL:     4   Next: 16%
Magic:  4/4        EV:  9    Int: 12    God:    Xom [.....*]
Gold:   49         SH:  0    Dex:  8    Spells: 3/3 levels left

rFire    . . .     SeeInvis .   a - +0 spear (chaos)
rCold    . . .     Gourm    .   (no shield)
rNeg     . . .     Faith    .   b - +2 leather armour
rPois    .         Spirit   .   (no helmet)
rElec    .         Reflect  .   (no cloak)
rCorr    .         Harm     .   (no gloves)
MR       .....                  (no barding)
Stlth    ..........             (no amulet)
HPRegen  0.14/turn              (no ring)
MPRegen  0.09/turn              (no ring)

@: lethally poisoned (-1 -> -4), drained, very quick
A: large, hooves 3, deformed body, speed 2, tough skin 3
a: Renounce Religion


You were on level 1 of the Dungeon.
You worshipped Xom.
You were Xom's teddy bear.
You were hungry.

You visited 1 branch of the dungeon, and saw 2 of its levels.

You collected 49 gold pieces.

Inventory:

Hand Weapons
 a - a +0 spear of chaos (weapon)
Missiles
 j - 25 arrows
Armour
 b - a +2 leather armour (worn)
Scrolls
 e - a scroll of identify {unknown}
 g - a scroll of remove curse {unknown}
 h - 2 scrolls of teleportation {unknown}
 i - a scroll of enchant armour {unknown}
 l - 2 scrolls of magic mapping {unknown}
 n - a scroll of fog {unknown}
Potions
 f - a potion of curing {unknown}
 k - a potion of degeneration {unknown}
 m - a potion of haste {unknown}
Comestibles
 c - 5 rations
 d - a chunk of flesh (quivered)


   Skills:
 + Level 5.0(4.8) Fighting
 - Level 2.6(2.4) Polearms
 - Level 1.3(1.1) Armour
 - Level 0.6(0.4) Dodging


You had 3 spell levels left.
You didn't know any spells.

Dungeon Overview and Level Annotations

Branches:
Dungeon (2/15)

Altars:
Ashenzari
Cheibriados
Trog


Innate Abilities, Weirdness & Mutations

You have hooves in place of feet.
Armour fits poorly on your strangely shaped body.
You cover ground very quickly.
You have extremely tough skin. (AC +3)


Message History

Attack whom?
Press: ? - help, Dir - move target cursor, f - adder
Aim: an adder You reach to attack!
You hit the adder.
The adder seems to speed up.
Xom is amused.
The adder is severely wounded.
The adder bites you but does no damage. The adder bites you.
* * * LOW HITPOINT WARNING * * *
You closely miss the adder. Your kick misses the adder.
The adder is severely wounded.
The adder bites you.
* * * LOW HITPOINT WARNING * * *
You are lethally poisoned!
The adder poisons you! The adder barely misses you.
You barely miss the adder.
The adder is heavily wounded.
* * * LOW HITPOINT WARNING * * *
You feel sick. The adder bites you.
You die...

.#..)...# #.#.#.# #.#
.#.#....## #.#>#.####.#
.#.'.....# #.#.#....#.#
.###.....# #.#.####.#.#
.######..# #.#.# #.#.#
......#.S# #.#.# #.#.#
......#..# #.#.# #.#.#
......#..##########.#.# #.#.#
......'........S@...#.# #.#.#
#####################.# #.#.#
.#...#............#...# #.#.#
.#..#..##########.#.### #.#.#
.#.#............#.#.#.####.#.#
###.....#.###...#.#.#......#.#
............#...#.#.#.######.#
#.#...#...#.#...#.#..........#
...#..#..#..#...#.###.########


You could see an adder.

Vanquished Creatures
  3 adders (D:2)
  An ooze (D:1)
  A worm (D:2)
  A dart slug (D:2)
  3 giant cockroaches (D:1)
  4 goblins (D:1)
  8 hobgoblins
  4 kobolds (D:1)
  7 bats
  3 frilled lizards (D:1)
  9 rats
44 creatures vanquished.

Notes
Turn   | Place    | Note
-------+----------+-------------------------------------------
     0 | D:1      | EnegeticOcto the Centaur Chaos Knight began the quest for the Orb.
     0 | D:1      | Reached XP level 1. HP: 19/19 MP: 1/1
    17 | D:1      | XOM: silly message
    74 | D:1      | Reached XP level 2. HP: 26/26 MP: 2/2
   116 | D:1      | Found a snail-covered altar of Cheibriados.
   312 | D:1      | Reached skill level 4 in Fighting
   346 | D:1      | XOM: harmless Conj miscast
   976 | D:1      | Reached XP level 3. HP: 33/33 MP: 3/3
  1119 | D:2      | Found a bloodstained altar of Trog.
  1222 | D:2      | Found a shattered altar of Ashenzari.
  1240 | D:2      | Reached skill level 5 in Fighting
  1240 | D:2      | Reached XP level 4. HP: 24/42 MP: 4/4
  1262 | D:2      | XOM: chaos upgrade
  1271 | D:2      | Noticed a sky beast
  1271 | D:2      | XOM: blink monster(s)
  1333 | D:2      | HP: 2/42 [something (5)]
  1394 | D:2      | XOM: fog
  1428 | D:1      | Slain by an adder

Vault maps used:
D:1:      elethiomel_arrival_infinity_welcomes_careful_drivers,
          hangedman_decor_diamond_cutter, cheibriados_altar_1
D:2:      bloody_trog, evilmike_ruin_ashenzari,
          chequers_ecumenical_altar_twisty, uniq_jessica,
          uniq_crazy_yiuf_cottage

Skill      XL: |  1  2  3 |
---------------+----------+-----
Fighting       | 4 5 |  5.0
Polearms       | |  2.6
Armour         | |  1.3
Dodging        | |  0.6

Action                   |  1- 3 |  4- 6 || total
-------------------------+-------+-------++-------
Melee: Spear             |    99 |    24 ||   123
       Kick              |    11 |     1 ||    12
Armor: Leather armour    |    26 |     4 ||    30
Dodge: Dodged            |    38 |     3 ||    41

Table legend:
 A = Spawn XP
 B = Non-spawn XP
 C = Spawn XP percentage of total XP
 D = Spawn monster count
 E = Non-spawn monster count
 F = Spawn count percentage of total count
 G = Total turns spent on level
                    A         B        C        D         E        F      G
               +---------+---------+-------+---------+---------+-------+---------
         Total |       0 |     113 |   0.0 |       0 |      44 |   0.0 |  1428
               +---------+---------+-------+---------+---------+-------+---------
           D:1 |       0 |      52 |   0.0 |       0 |      31 |   0.0 |  1097
           D:2 |       0 |      61 |   0.0 |       0 |      13 |   0.0 |   331
               +---------+---------+-------+---------+---------+-------+---------
